Match 36267280
Unlisted

Match 36267280
End
Kradschützen Motorcycle Team
250 Light Carrier
Panzergrenadier Squad
Selects Armored Support Battlegroup
Panzergrenadier Squad
Construct Light Support Kompanie
Selects Salvage Kits
Fire Support Elements
le.IG 18 Support Gun Team
Flakvierling Half-track
Pak 38 Anti-tank Gun Team
Selects Superior Fire Drills
Selects Veteran Gunners
2.5-tonne Medical Truck
deadsadbadmad
Alessandro-9891
Lokibri
tiestriker88
Boatshoe
Silverback
Keep Calm
romper77
0
0

Comments sign in to comment!

No comments posted yet!